 Dungeon Crawl Stone Soup version 0.29-a0-19-gef7f3e67aa (webtiles) character file.

Game seed: 9925388842939999564

13794 Lekart the Cruncher (level 11, -9/66 HPs)
             Began as a Green Draconian Chaos Knight on Jan 27, 2022.
             Was a Plaything of Xom.
             Mangled by an entropy weaver simulacrum (10 damage)
             ... in an ice cave on Jan 29, 2022.
             The game lasted 00:30:45 (13284 turns).

Lekart the Cruncher (Green Draconian Chaos Knight) Turns: 13284, Time: 00:30:46

Health: -9/66      AC: 12    Str: 15    XL:     11   Next: 80%
Magic:  22/22      EV: 13    Int: 13    God:    Xom [.....*]
Gold:   204        SH:  0    Dex: 20    Spells: 23/25 levels left

rFire   . . .      SeeInvis +   g - +8 quarterstaff (spect)
rCold   + + .      Faith    .   (shield currently unavailable)
rNeg    . . .      Spirit   .   (armour unavailable)
rPois   +          Reflect  .   k - +2 hat
rElec   +          Harm     .   (no cloak)
rCorr   +          Rampage  .   h - +1 pair of gloves
Will    .....                   q - +0 pair of boots
Stlth   ++........              (no amulet)
HPRegen 0.21/turn               s - +6 ring of dexterity
MPRegen 0.18/turn               u - ring of ice

@: short of breath, resistant, constricted, unable to read
A: breathe noxious fumes, AC +7, unfitting armour, poison resistance,
cold-blooded, beak, stinger 1, talons 1, see invisible, frail 3, inability to
read while threatened
a: Breathe Noxious Fumes, Renounce Religion


You were in an ice cave.
You worshipped Xom.
You were Xom's teddy bear.
You visited 2 branches of the dungeon, and saw 13 of its levels.
You also visited: Ice Cave.

You collected 578 gold pieces.
You spent 374 gold pieces at shops.

Inventory:

Hand Weapons
 a - a +0 short sword of chaos
 c - a +0 trident
 e - a +0 morningstar of venom
 g - a +8 spectral quarterstaff (weapon)
Missiles
 B - 4 throwing nets (quivered)
Armour
 h - a +1 pair of gloves (worn)
 k - a +2 hat (worn)
 q - a +0 pair of boots (worn)
Jewellery
 s - a +6 ring of dexterity (left hand)
 u - a ring of ice (right hand)
 v - a +6 ring of strength
 C - a ring of fire
Wands
 p - a wand of acid (5)
 r - a wand of flame (18)
 H - a wand of iceblast (5)
Scrolls
 d - 5 scrolls of teleportation
 i - a scroll of fear
 m - a scroll of vulnerability
 n - 2 scrolls of enchant armour
 t - 2 scrolls of amnesia
 x - 2 scrolls of identify
 y - 2 scrolls of blinking
 G - a scroll of silence
Potions
 b - 3 potions of flight
 f - 4 potions of attraction
 j - 2 potions of cancellation
 l - 2 potions of heal wounds
 o - 5 potions of curing
 z - a potion of haste
 A - 2 potions of lignification
 F - a potion of ambrosia
Miscellaneous
 D - a phial of floods (inert)


   Skills:
 + Level 8.9 Fighting
 + Level 3.2 Short Blades
 + Level 3.4(8.9) Polearms
 + Level 12.7(12.9) Staves
 + Level 0.1 Throwing
 + Level 7.0 Dodging
 * Level 7.8 Spellcasting
 * Level 0.8 Transmutations
 * Level 0.6 Earth Magic
 + Level 2.3 Evocations


You had 23 spell levels left.
You knew the following spells:

 Your Spells              Type           Power      Damage    Failure   Level
a - Passwall              Tmut/Erth      5%         N/A       16%         2

Your spell library contained the following spells:

 Spells                   Type           Power      Damage    Failure   Level
 Sandblast                Erth           12%        2d6       11%         1
 Freeze                   Ice            28%        1d5       14%         1
 Blink                    Tloc           10%        N/A       22%         2
 Static Discharge         Conj/Air       5%         N/A       22%         2
 Stone Arrow              Conj/Erth      10%        3d7       36%         3
 Frozen Ramparts          Ice            14%        1d3       38%         3
 Inner Flame              Hex/Fire       5%         N/A       38%         3
 Tukima's Dance           Hex            5%         N/A       38%         3
 Anguish                  Hex/Necr       2%         N/A       80%         4
 Cause Fear               Hex            2%         N/A       80%         4
 Hailstorm                Conj/Ice       7%         3d4       80%         4
 Lightning Bolt           Conj/Air       2%         1d14      98%         5
 Manifold Assault         Tloc           5%         N/A       98%         5
 Enfeeble                 Hex            2%         N/A       100%        7
 Storm Form               Tmut/Air       3%         N/A       100%        7
 Discord                  Hex            2%         N/A       100%        8
 Maxwell's Capacitive Co  Air            2%         ∞         100%        8


Dungeon Overview and Level Annotations

Branches:
Dungeon (12/15)            Temple (1/1) D:6            Lair (0/6) D:9
    Orc (0/2) D:11          IceCv (1/1)

Altars:
Ashenzari
Cheibriados
Dithmenos
Elyvilon
Fedhas
Gozag
Hepliaklqana
Kikubaaqudgha
Makhleb
Nemelex Xobeh
Okawaru
Qazlal
Ru
Sif Muna
Trog
Uskayaw
Vehumet
Wu Jian
Xom
Yredelemnul
Zin
The Shining One

Shops:
D:2 ?*=*(   D:4 (*[(:   D:11 (

Portals:
Abyss: D:8

Annotations:
D:5 2 transporters, caleiya's ghost, novice GrFi
D:8 2 transporters, Thargor's ghost, novice DjFE
D:10 2 runed translucent doors


Innate Abilities, Weirdness & Mutations

You can breathe blasts of noxious fumes.
Your lurid green scales are hard. (AC +7)
You cannot fit into any form of body armour.
Your system is resistant to poisons. (rPois)
You are cold-blooded and may be slowed by cold attacks.
You have a beak for a mouth.
Your tail ends in a venomous barb.
You have sharp toenails.
You have supernaturally acute eyesight. (SInv)
You are extremely frail. (-30% HP)
You sometimes lose the ability to read scrolls when taking damage.


Message History

The anaconda simulacrum constricts you.
The white ugly thing is engulfed in noxious fumes.
The white ugly thing appears confused.
The white ugly thing claws you but does no damage.
The elephant simulacrum closely misses you.
The elephant simulacrum trunk-slaps you.
The elephant simulacrum freezes you. You resist.
You feel threatened and lose the ability to read scrolls!
You hit the elephant simulacrum. You peck the elephant simulacrum.
You tail-slap the elephant simulacrum, but do no damage.
The elephant simulacrum is lightly damaged.
Your +8 spectral quarterstaff hits the elephant simulacrum!
The anaconda simulacrum bites you. The anaconda simulacrum freezes you.
You resist.
* * * LOW HITPOINT WARNING * * *
The anaconda simulacrum constricts you.
The entropy weaver simulacrum barely misses you.
The entropy weaver simulacrum closely misses you.
The entropy weaver simulacrum hits you.
* * * LOW HITPOINT WARNING * * *
The entropy weaver simulacrum freezes you!
You resist.
* * * LOW HITPOINT WARNING * * *
The entropy weaver simulacrum hits you but does no damage.
The white ugly thing is engulfed in noxious fumes.
The white ugly thing appears confused.
You feel much better.
The anaconda simulacrum bites you but does no damage.
The anaconda simulacrum constricts you. The entropy weaver simulacrum hits you.
* * * LOW HITPOINT WARNING * * *
The entropy weaver simulacrum freezes you!
You resist.
* * * LOW HITPOINT WARNING * * *
Xom is mildly amused.
The entropy weaver simulacrum hits you.
* * * LOW HITPOINT WARNING * * *
The entropy weaver simulacrum freezes you!
You resist.
You die...
Xom thinks this is hilarious!

####
####...##
##........
##.........
##..........
#.......8..!
#..ZZZ....$.
#.∩§@.○○○([©
#...°.u...(.
#.....Z.8..?
##..........
##.........
##........
####...##
####


You could see a white ugly thing (confused), an anaconda simulacrum, an elephant
simulacrum, a polar bear simulacrum and an entropy weaver simulacrum.

Vanquished Creatures
  Gastronok (D:9)
  A hydra (D:11)
  Harold (D:9)
  2 two-headed ogres (D:10)
  Pikel (D:4)
  2 kobold demonologists (D:11)
  3 trolls (D:11)
  Grinder (D:4)
  A raiju (D:9)
  Sigmund (D:2)
  2 wyverns
  6 yaks
  A wraith (D:11)
  A steam dragon (D:7)
  2 water moccasins
  Duvessa (D:4)
  An acid dragon (D:9)
  A sky beast (D:6)
  2 ice beasts
  A hornet zombie (D:6)
  A black bear (D:6)
  4 orc warriors
  6 ogres (D:7)
  A necrophage (D:6)
  3 lemures (D:4)
  5 centaurs
  A phantom (D:6)
  2 kobold brigands
  2 bullfrogs
  A gnoll sergeant (D:11)
  A scorpion (D:5)
  Blork the orc (D:4)
  A wyvern skeleton (D:4)
  A water moccasin skeleton (D:5)
  8 killer bees
  4 wights (D:6)
  2 howler monkeys
  5 centaur zombies
  6 hounds
  4 orc priests
  A bullfrog zombie (D:5)
  A jelly (D:7)
  A centaur skeleton (D:6)
  5 gnoll shamans
  An iguana (D:7)
  7 orc wizards
  A wolf simulacrum (IceCv)
  3 howler monkey zombies
  21 gnolls
  3 adders
  An ufetubus (D:5)
  2 adder skeletons (D:4)
  A worm (D:5)
  A dart slug (D:2)
  26 orcs
  11 ball pythons
  3 bats
  8 endoplasms
  5 giant cockroaches
  7 goblins
  5 hobgoblins
  2 jackals (D:3)
  12 kobolds
  5 quokkas
  7 frilled lizards
  24 rats
255 creatures vanquished.

Vanquished Creatures (collateral kills)
  A tengu warrior (D:8)
  A gargoyle (D:12)
  A tengu conjurer (D:8)
  Dowan (D:4)
  A killer bee (D:8)
  A howler monkey (D:8)
  3 gnolls (D:4)
9 creatures vanquished.

Vanquished Creatures (others)
  A cyclops (shapeshifter) (D:5)
  A water elemental (D:10)
  A killer bee (D:8)
  An orc (D:11)
  6 fungi (D:7)
  15 plants
25 creatures vanquished.

Grand Total: 289 creatures vanquished

Notes
Turn   | Place    | Note
-------+----------+-------------------------------------------
     0 | D:1      | Lekart the Draconian Chaos Knight began the quest for the
                  | Orb.
     0 | D:1      | Reached XP level 1. HP: 19/19 MP: 1/1
    55 | D:1      | XOM: silly message
   225 | D:1      | XOM: divination: detect items
   235 | D:1      | Reached XP level 2. HP: 26/26 MP: 2/2
   235 | D:1      | XOM: divination: detect items
   890 | D:1      | Reached XP level 3. HP: 33/33 MP: 3/3
   934 | D:1      | Reached skill level 1 in Polearms
   957 | D:1      | XOM is BORED!
  1030 | D:1      | Found a faded altar of an unknown god.
  1097 | D:2      | Found Situem's Magic Scroll Shop.
  1147 | D:2      | XOM: divination: detect creatures
  1220 | D:2      | XOM: silly message
  1233 | D:2      | You fall into a shaft and drop 1 floor!
  1238 | D:3      | XOM: 4-stop teleportation journey
  1241 | D:3      | XOM: swap monsters
  1248 | D:3      | Reached skill level 1 in Spellcasting
  1450 | D:3      | XOM: summons 3 hostile shadow creatures
  1504 | D:3      | XOM: give mutations
  1504 | D:3      | Gained mutation: You are frail. (-10% HP) [Xom's mischief]
  1504 | D:3      | Gained mutation: You have a pair of small antennae on your
                  | head. [Xom's mischief]
  1504 | D:3      | Lost mutation: You have a pair of small antennae on your
                  | head. [Xom's mischief]
  1596 | D:3      | XOM: give mutations
  1596 | D:3      | Gained mutation: You are clumsy. (Dex -2) [Xom's mischief]
  1596 | D:3      | Lost mutation: You are clumsy. (Dex -2) [Xom's mischief]
  1596 | D:3      | Gained mutation: You passively map a small area around you.
                  | [Xom's mischief]
  1639 | D:3      | Reached XP level 4. HP: 30/36 MP: 5/5
  2037 | D:4      | Noticed Grinder
  2355 | D:2      | Found Juwk's Assorted Antiques.
  2579 | D:2      | Found Egibarua's Antique Weapon Shop.
  2822 | D:2      | Noticed Sigmund
  2829 | D:2      | Killed Sigmund
  2830 | D:2      | Reached skill level 2 in Staves
  2830 | D:2      | Reached XP level 5. HP: 22/41 MP: 5/8
  2986 | D:2      | Found Yntub's General Store.
  3026 | D:2      | Found Maxais's Jewellery Shoppe.
  3168 | D:2      | Bought a scroll of enchant weapon for 90 gold pieces
  3315 | D:4      | XOM: give mutations
  3315 | D:4      | Gained mutation: You are very frail. (-20% HP) [Xom's
                  | mischief]
  3315 | D:4      | Gained mutation: You do not regenerate when monsters are
                  | visible. [Xom's mischief]
  3315 | D:4      | Gained mutation: Your body sometimes deteriorates upon
                  | taking damage. [Xom's mischief]
  3315 | D:4      | Gained mutation: You are extremely frail. (-30% HP) [Xom's
                  | mischief]
  3321 | D:4      | XOM: summons 3 hostile demons
  3324 | D:4      | Killed Grinder
  3325 | D:4      | Reached skill level 3 in Staves
  3325 | D:4      | Reached XP level 6. HP: 27/37 MP: 9/9
  3552 | D:4      | XOM: summons 4 hostile shadow creatures
  3705 | D:4      | Noticed Blork the orc
  3710 | D:4      | XOM: butterfly on damage
  3713 | D:4      | XOM: butterfly on damage
  3713 | D:4      | HP: 1/37 [Blork the orc/puff of flame (4)]
  3714 | D:4      | Killed Blork the orc
  3715 | D:4      | Your scales start taking on a lurid green colour.
  3715 | D:4      | Reached XP level 7. HP: 1/42 MP: 9/11
  3715 | D:4      | Gained mutation: Your system is resistant to poisons.
                  | (rPois) [Green Draconian growth]
  3757 | D:4      | XOM: 1-stop teleportation journey
  3910 | D:4      | XOM: cloud trail
  4016 | D:4      | Found Heegel's Weapon Shop.
  4076 | D:4      | Noticed Duvessa
  4077 | D:4      | Noticed Dowan
  4080 | D:4      | XOM: cast spell 'Summon Dragon'
  4084 | D:4      | Killed Duvessa
  4085 | D:4      | Reached skill level 4 in Staves
  4090 | D:4      | Killed Dowan
  4327 | D:4      | XOM: enchant monster (bad)
  4369 | D:4      | Noticed Pikel
  4379 | D:4      | XOM: 1-stop teleportation journey
  4450 | D:4      | Found Simec's Antique Armour Emporium.
  4454 | D:4      | Found Diunel's Book Emporium.
  4454 | D:4      | Found Hecvimac's General Store.
  4455 | D:4      | Found Xuunnas's Antique Weapon Emporium.
  4579 | D:4      | XOM: enchant monster (good)
  4593 | D:4      | Killed Pikel
  4594 | D:4      | Reached skill level 5 in Fighting
  4594 | D:4      | Reached skill level 6 in Staves
  4594 | D:4      | Reached XP level 8. HP: 14/47 MP: 11/13
  4633 | D:4      | XOM: give mutations
  4633 | D:4      | Lost mutation: You passively map a small area around you.
                  | [Xom's mischief]
  4633 | D:4      | Gained mutation: Your spells are a little easier to cast,
                  | but a little less powerful. [Xom's mischief]
  4633 | D:4      | Lost mutation: Your spells are a little easier to cast, but
                  | a little less powerful. [Xom's mischief]
  4810 | D:4      | Lost mutation: Your body sometimes deteriorates upon taking
                  | damage. [potion of mutation]
  4810 | D:4      | Lost mutation: You do not regenerate when monsters are
                  | visible. [potion of mutation]
  4810 | D:4      | Gained mutation: You are weak. (Str -2) [potion of
                  | mutation]
  4810 | D:4      | Gained mutation: You are clumsy. (Dex -2) [potion of
                  | mutation]
  4810 | D:4      | Gained mutation: You possess an exceptional clarity of
                  | mind. [potion of mutation]
  4951 | D:5      | Entered Level 5 of the Dungeon
  4973 | D:5      | Found a transporter.
  4977 | D:5      | Found a transporter.
  4977 | D:5      | XOM: divination: magic mapping
  4978 | D:5      | Noticed caleiya's ghost (novice GrFi)
  4979 | D:5      | Identified the +7 dire flail of Tomorrow {holy, rC+ Will+}
  5131 | D:5      | XOM: polymorph orc -> rat
  5311 | D:5      | Reached skill level 7 in Staves
  5432 | D:5      | XOM: 4-stop teleportation journey
  5532 | D:5      | XOM: summons 4 hostile shadow creatures
  5583 | D:5      | Lost mutation: You are weak. (Str -2) [potion of mutation]
  5583 | D:5      | Lost mutation: You are extremely frail. (-30% HP) [potion
                  | of mutation]
  5583 | D:5      | Lost mutation: You possess an exceptional clarity of mind.
                  | [potion of mutation]
  5583 | D:5      | Gained mutation: Potions are less effective at restoring
                  | your health. [potion of mutation]
  5583 | D:5      | Gained mutation: You have supernaturally acute eyesight.
                  | (SInv) [potion of mutation]
  5584 | D:5      | Lost mutation: You are clumsy. (Dex -2) [potion of
                  | mutation]
  5584 | D:5      | Lost mutation: Potions are less effective at restoring your
                  | health. [potion of mutation]
  5584 | D:5      | Gained mutation: You have sharp toenails. [potion of
                  | mutation]
  5701 | D:5      | XOM: 2-stop teleportation journey
  5848 | D:5      | Noticed a shapeshifter
  5848 | D:5      | a killer bee changed into a shapeshifter
  5848 | D:5      | XOM: polymorph killer bee -> shapeshifter
  5848 | D:5      | a shapeshifter changed into a yak
  5858 | D:5      | Noticed a komodo dragon
  5871 | D:5      | XOM: draining
  5874 | D:5      | XOM: god gift: fustibalus {god gift}
  5879 | D:5      | Noticed a cyclops
  5879 | D:5      | a komodo dragon changed into a cyclops
  5885 | D:5      | Killed a cyclops
  5885 | D:5      | XOM: divine lightning
  5886 | D:5      | Reached XP level 9. HP: 30/60 MP: 15/15
  6358 | D:6      | XOM: chaos upgrade
  6491 | D:6      | Found an ancient bone altar of Kikubaaqudgha.
  6548 | D:6      | Found a staircase to the Ecumenical Temple.
  6555 | D:6      | Reached skill level 8 in Staves
  6628 | D:6      | Found a sacrificial altar of Ru.
  6705 | D:6      | XOM: 1-stop teleportation journey
  6748 | D:6      | Reached skill level 5 in Spellcasting
  6864 | D:6      | Found a snail-covered altar of Cheibriados.
  7324 | D:7      | XOM: scenery: create altars
  7335 | D:7      | Reached skill level 9 in Staves
  7381 | D:7      | Found a basalt altar of Yredelemnul.
  7436 | D:7      | Identified the +2 hand crossbow "Pimesm" {venom, Dex+3}
  7445 | D:7      | XOM: polymorph gnoll -> rat
  7459 | D:7      | XOM: silly message
  7527 | D:7      | XOM: silly message
  7530 | D:7      | Reached skill level 5 in Dodging
  7632 | D:7      | XOM: silly message
  7816 | D:7      | XOM: potion effect (curing)
  7823 | D:7      | Reached XP level 10. HP: 61/67 MP: 18/18
  8096 | D:7      | XOM: silly message
  8308 | D:7      | XOM: 2-stop teleportation journey
  8446 | D:7      | Reached skill level 10 in Staves
  8651 | D:8      | Found a transporter.
  8662 | D:8      | Found a one-way gate to the infinite horrors of the Abyss.
  8662 | D:8      | Noticed Thargor's ghost (novice DjFE)
  8685 | D:8      | Noticed a hell hog
  8716 | D:8      | Found a transporter.
  8755 | D:8      | XOM: god gift: potion of cancellation
  8757 | D:8      | Noticed a tengu warrior
  8768 | D:8      | Killed a tengu warrior
  8870 | D:8      | XOM: summons friendly white imp
  9140 | D:8      | XOM: summons friendly iron imp
  9142 | D:8      | XOM: enchant monster (good)
  9300 | D:8      | XOM: confuse monster(s)
  9303 | D:8      | Reached skill level 11 in Staves
  9386 | D:8      | XOM: torment (30/70 hp)
  9699 | D:9      | Found a staircase to the Lair.
  9718 | D:9      | XOM: 2-stop teleportation journey
  9722 | D:9      | XOM: polymorph yak -> raiju
  9744 | D:9      | Noticed Gastronok
  9758 | D:9      | Killed Gastronok
  9759 | D:9      | Reached XP level 11. HP: 12/75 MP: 21/21
 10036 | D:9      | Noticed Harold
 10043 | D:9      | XOM: confuse monster(s)
 10047 | D:9      | Killed Harold
 10649 | D:2      | Bought a scroll of enchant weapon for 90 gold pieces
 10701 | D:2      | Bought a scroll of enchant weapon for 97 gold pieces
 10701 | D:2      | Bought a scroll of enchant weapon for 97 gold pieces
 10810 | Temple   | Entered the Ecumenical Temple
 11331 | D:9      | XOM: give mutation
 11331 | D:9      | Gained mutation: Your tail ends in a venomous barb. [Xom's
                  | grace]
 11351 | D:10     | Entered Level 10 of the Dungeon
 11560 | D:10     | Noticed a two-headed ogre
 11566 | D:10     | Killed a two-headed ogre
 11596 | D:10     | Noticed a two-headed ogre
 11606 | D:10     | Killed a two-headed ogre
 11607 | D:10     | Reached skill level 12 in Staves
 11607 | D:10     | Reached skill level 1 in Evocations
 11646 | D:10     | XOM: give mutations
 11646 | D:10     | Gained mutation: You are extremely frail. (-30% HP) [Xom's
                  | mischief]
 11646 | D:10     | Gained mutation: You sometimes lose the ability to read
                  | scrolls when taking damage. [Xom's mischief]
 11646 | D:10     | Gained mutation: You have a beak for a mouth. [Xom's
                  | mischief]
 11740 | D:10     | Found a large runed translucent door.
 11740 | D:10     | Found a large runed translucent door.
 12174 | D:11     | XOM: fog
 12226 | D:11     | Noticed a six-headed hydra
 12233 | D:11     | Killed a six-headed hydra
 12333 | D:11     | XOM: summons 2 hostile shadow creatures
 12334 | D:11     | Noticed a two-headed ogre
 12431 | D:11     | XOM: 2-stop teleportation journey
 12437 | D:11     | XOM: scenery: summon butterflies
 12476 | D:11     | XOM: confuse monster(s)
 12492 | D:11     | Learned a level 7 spell: Storm Form
 12500 | D:11     | Learned a level 2 spell: Passwall
 12606 | D:11     | XOM: scenery: create altars
 12614 | D:11     | Found a staircase to the Orcish Mines.
 12617 | D:11     | Found Xaopolit's Weapon Shoppe.
 12617 | D:11     | XOM: divine lightning
 12619 | D:11     | XOM: enchant monster (good)
 12706 | D:10     | XOM: noise
 13213 | D:12     | Upgraded the game from 0.29-a0-6-ga859fcf985 to
                  | 0.29-a0-19-gef7f3e67aa
 13255 | D:12     | Found a frozen archway.
 13275 | IceCv    | Entered an ice cave
 13275 | IceCv    | Noticed a white ugly thing
 13284 | IceCv    | HP: 2/66 [entropy weaver simulacrum (12)]
 13284 | IceCv    | Mangled by an entropy weaver simulacrum

Illustrated notes

Levels and vault maps discovered:
D:1:      dpeg_arrival_simpleton_b, layout_basic,
          chequers_ecumenical_altar_lobes, minmay_tetromino_o4
D:2:      layout_basic, serial_shops, nicolae_shop_crystal,
          nicolae_shop_hallway_stairs, shop, nicolae_shop_crystal,
          nicolae_shop_statue_plus, uniq_sigmund
D:3:      layout_basic
D:4:      layout_gridville, serial_co_window_serial, co_window_paths_a,
          co_window_paths_a, co_window_corner_a, co_window_corner_a,
          co_window_of_opportunity_a, co_window_corner_b, co_window_2corner,
          co_window_broadway_b, co_window_corner_b, co_window_corner_b,
          co_window_broadway_b, glass_columns_a, glass_columns_a,
          glass_columns_b, serial_shops, nicolae_shop_advertising_works
          [nicolae_subvault_shop_adworks], minmay_shop_grid_forest,
          minmay_rat_hole, uniq_pikel, uniq_blork_the_orc, uniq_duvessa,
          uniq_grinder
D:5:      layout_gridville, gammafunk_ghost_smash
D:6:      layout_basic, nicolae_ru_the_path_less_chosen,
          mainiacjoe_overflow_big_doors, minmay_temple_entry_gardened_gates
D:7:      kennysheep_seaside_town, layout_basic, yredelemnul_altar_generic
D:8:      layout_rooms, gammafunk_ghost_abyssal_escape
D:9:      layout_small_grid, lair_entry_dummy, columned_hall_lemuel,
          uniq_gastronok, uniq_harold
D:10:     layout_long_grid, lightli_elemental_guards
D:11:     layout_cave_pools, orc_david_3
D:12:     layout_roguey, portal_ice_cave_entry_pillars_1,
          kennysheep_generic_room_6
Temple:   mainiacjoe_temple_coin_purse
IceCv:    ice_cave_statue_garden_transporter

Skill      XL: |  1  2  3  4  5  6  7  8  9 10 11 |
---------------+----------------------------------+-----
Polearms       | 1 2 3 |  3.4
Spellcasting   | 1 2 3 4 5 6 7 |  7.8
Fighting       | 4 5 6 8 |  8.9
Staves         | 2 3 6 7 9 11 12 | 12.7
Dodging        | 3 4 5 6 7 |  7.0
Evocations     | 2 |  2.3
Short Blades   | |  3.2
Throwing       | |  0.1
Transmutations | |  0.8
Earth Magic    | |  0.6

Action                   |  1- 3 |  4- 6 |  7- 9 | 10-12 || total
-------------------------+-------+-------+-------+-------++-------
Melee: Trident           |   105 |       |       |       ||   105
       Tailslap          |    14 |     7 |    51 |    29 ||   101
       Quarterstaff      |    27 |    57 |   311 |   200 ||   595
       Morningstar       |     5 |       |       |       ||     5
       Kick              |       |       |    14 |       ||    14
       Peck              |       |       |       |    17 ||    17
Throw: Throwing net      |       |       |       |     1 ||     1
 Abil: Breathe Noxious F |       |       |     8 |     7 ||    15
Evoke: Wand              |       |       |       |    17 ||    17
       Phial of floods   |       |       |       |     1 ||     1
  Use: Scroll            |     6 |     4 |     2 |    11 ||    23
       Potion            |     1 |     2 |     6 |     5 ||    14
 Stab: Sleeping          |     1 |     1 |     2 |     1 ||     5
       Distracted        |       |       |     2 |     4 ||     6
       Confused          |       |       |     2 |     3 ||     5
Armor: Skin              |    58 |    17 |    85 |    55 ||   215
Dodge: Dodged            |   133 |    26 |   223 |   142 ||   524

Table legend: (Time is in decaauts)
 A = Elapsed time spent in this place.
 B = Non-inter-level travel time spent in this place.
 C = Inter-level travel time spent in this place.
 D = Time resting spent in this place.
 E = Time spent auto-exploring this place.
 F = Levels seen in this place.
 G = Mean time per level.
                   A        B        C        D        E       F      G
               +--------+--------+--------+--------+--------+-----+--------+
         Total |  13260 |  12144 |   1116 |   2660 |   7226 |  14 |  947.1 |
       Dungeon |  13142 |  12041 |   1101 |   2660 |   7142 |  12 | 1095.2 |
        Temple |    111 |     97 |     14 |      0 |     84 |   1 |  111.0 |
      Ice Cave |      6 |      6 |      0 |      0 |      0 |   1 |    6.0 |
               +--------+--------+--------+--------+--------+-----+--------+

Top non-repeatable levels by time:
     D:4: 1600 daAuts
     D:2: 1342 daAuts
     D:7: 1320 daAuts
     D:5: 1290 daAuts
     D:3: 1212 daAuts
     D:9: 1196 daAuts
     D:8: 1128 daAuts
     D:1: 1112 daAuts
     D:6: 1080 daAuts
    D:11: 920 daAuts
    D:10: 870 daAuts
  Temple: 111 daAuts
    D:12: 67 daAuts
   IceCv: 6 daAuts
